 Dungeon Crawl Stone Soup version 0.28.0 (webtiles) character file.

Game seed: 16319596156473906299

9 willcat the Skirmisher (level 2, -4/25 HPs)
             Began as a Djinni Cinder Acolyte on Feb 4, 2022.
             Was a High Priest of Ignis.
             Slain by a kobold (18 damage)
             ... on level 1 of the Dungeon.
             The game lasted 00:00:15 (399 turns).

willcat the Skirmisher (Djinni Cinder Acolyte)       Turns: 399, Time: 00:00:17

Health: -4/25      AC:  2    Str: 13    XL:     2   Next: 20%
Gold:   24         EV: 11    Int: 15    God:    Ignis [*****.] SH:  0 Dex:  8

rFire   + + +      SeeInvis .   c - +2 short sword (venom)
rCold   x . .      Faith    .   (no shield)
rNeg    . . .      Spirit   .   b - +0 robe
rPois   ∞          Reflect  .   (no helmet)
rElec   .          Harm     .   (no cloak)
rCorr   .          Rampage  .   (no gloves)
Will    .....                   (boots unavailable)
Stlth   +.........              (no amulet)
HPRegen 0.08/turn               (no ring)
MPRegen 0.00/turn               (no ring)

@: flying
A: sickness immunity, fire resistance 2, cold vulnerability 1, float, innate
caster, HP casting, extra vitality 1
a: Renounce Religion, Fiery Armour, Foxfire Swarm, Rising Flame


You were on level 1 of the Dungeon.
You worshipped Ignis.
Ignis was extremely pleased with you.
You visited 1 branch of the dungeon, and saw 1 of its levels.

You collected 24 gold pieces.

Inventory:

Hand Weapons
 a - a -1 falchion of flaming
 c - a +2 short sword of venom (weapon)
Armour
 b - a +0 robe (worn)
Potions
 d - 2 potions of curing {unknown}


   Skills:
 + Level 3.1 Fighting
 + Level 0.3(1.7) Short Blades
 - Level 2.7 Long Blades
 + Level 0.4 Armour
 + Level 0.6 Dodging
 + Level 2.5 Spellcasting


You had 4 spell levels left.
You knew the following spells:

 Your Spells              Type           Power      Damage    Failure   Level
a - Scorch                Fire           18%        2d5       12%         2
Your spell library was empty.

Dungeon Overview and Level Annotations

Branches:
Dungeon (1/15)

Altars:


Innate Abilities, Weirdness & Mutations

You are immune to sickness and miasma.
You are immune to poison.
Your flesh is very heat resistant. (rF++)
You are vulnerable to cold. (rC-)
You float through the air rather than walking.
You learn spells naturally, not from books.
Your magical power is your life essence.
You have superior vitality. (+4 MHP)


Message History

You closely miss the frilled lizard.
The goblin shouts!
The frilled lizard bites you.
There are monsters nearby!
You hit the frilled lizard.
You kill the frilled lizard!
You puncture the goblin!
You kill the goblin!
You have reached level 2!
You see here a +0 dagger.
Key pressed, stopping explore.
No target in view!
A bat comes into view.
A bat is nearby!
Found a stone staircase leading down.
The bat hits you but does no damage.
A bat is nearby!
You hit the bat.
You kill the bat!
You see here a bat corpse.
d - a green potion No target in view!
No target in view!
No target in view!
A goblin comes into view. It is wielding a +0 club.
The goblin shouts!
The goblin hits you with a +0 club.
You hit the goblin.
You kill the goblin!
d - 2 green potions (gained 1)
A kobold comes into view.
It is wielding a +2 short sword of electrocution.
The kobold shouts!
The kobold throws a stone.
The stone hits you.
A kobold is nearby!
A kobold is nearby!
The kobold hits you with a +2 short sword of electrocution!
You closely miss the kobold.
The kobold hits you with a +2 short sword of electrocution.
You are electrocuted!!
Ouch! That really hurt!
You die...

#..# #. ##.# #. #.# #.
#.# #. #.# ##
####.###### #......#...
#############.##.#.#...
#....K@.......##.#.....
#.####..###............
###..........##..... #.
#.....#......##.#...
#..#.#.............#...
.....#..........#######
#.............###
#.####.#####.#####
#.##........#


You could see a kobold.

Vanquished Creatures
  A ball python (D:1)
  An endoplasm (D:1)
  A giant cockroach (D:1)
  2 goblins (D:1)
  A bat (D:1)
  A frilled lizard (D:1)
  A rat (D:1)
8 creatures vanquished.

Notes
Turn   | Place    | Note
-------+----------+-------------------------------------------
     0 | D:1      | willcat the Djinni Cinder Acolyte began the quest for the
                  | Orb.
     0 | D:1      | Reached XP level 1. HP: 20/20 MP: 0/0
   162 | D:1      | Reached XP level 2. HP: 18/25 MP: 0/0
   399 | D:1      | Slain by a kobold

Illustrated notes

Levels and vault maps discovered:
D:1:      eino_arrival_cavern_d, layout_loops_cross, minmay_tree_intersection

Action                   || total
-------------------------++-------
Melee: Short sword       ||    11
       Falchion          ||     1
Armor: Robe              ||     2
